[Event "*** Titled Tuesday Blitz"]
[Site "Chess.com"]
[Date "2019.03.05"]
[Round "10"]
[White "bascheyaro"]
[Black "SaraciNderim"]
[Result "1/2-1/2"]
[WhiteElo "2806"]
[BlackElo "2751"]
[TimeControl "180+2"]
[EndTime "15:30:49 PST"]
[Termination "Game drawn - insufficient material"]

1. d4 Nf6 2. c4 g6 3. Nf3 Bg7 4. Nc3 O-O 5. Bf4 c5 6. e3 cxd4 7. Nxd4 Nc6 8. Be2 Nxd4 9. exd4 d5 10. O-O dxc4 11. Bxc4 e6 12. h3 Bd7 13. d5 exd5 14.
Nxd5 Nxd5 15. Bxd5 Bb5 16. Re1 Qb6 17. Be3 Qa6 18.
Qf3 Bc6 19. Bxc6 Qxc6 20. Qxc6 bxc6 21. Rab1 a5 22. b3 a4 23. b4 a3 24. Rec1 Ra6 25. Rb3 Rb8 26. Rc4 Bf8 27. Bc1 Rba8 28. Rcc3 Bg7 29.
Rc4 Bf8 30. g3 f5 31. h4 Kf7 32. Rcc3 Bg7 33. Rd3 Bf8 34. Rd7+ Kg8 35. Rdd3 c5 36. b5 c4 37. bxa6 cxb3 38. Rxb3 Rxa6 39. Kg2 Ra7 40. Kf3 Kf7 41. Bd2 Ke6 42. Bb4 Bxb4 43. Rxb4 Kd5 44.
Rb3 Ke5 45. Re3+ Kf6 46. Rc3 Ra6 47. Rb3 h6 48. Ke3 g5 49. hxg5+ hxg5 50. Kd2 g4 51. Re3 Ra8 52. Kc2 Rc8+ 53. Kb3 Rd8 54. Kxa3 Rd2 55.
f4 gxf3 56. Rxf3 Kg5 57. Kb3 Kg4 58. Re3 Rg2 59. a4 Rxg3 60. Rxg3+ Kxg3 61. a5 f4 62. a6 f3 63. a7 f2 64. a8=Q f1=Q 65. Qg8+ Kf2 66.
Qf7+ Kg1 67. Qg6+ Qg2 68. Qb6+ Qf2 69. Qg6+ Qg2 70. Qxg2+ Kxg2 1/2-1/2

[Event "*** Titled Tuesday Blitz"]
[Site "Chess.com"]
[Date "2019.03.05"]
[Round "10"]
[White "GMKrikor"]
[Black "RiskyDecision"]
[Result "1-0"]
[WhiteElo "2697"]
[BlackElo "2426"]
[TimeControl "180+2"]
[EndTime "15:30:51 PST"]
[Termination "GMKrikor won by resignation"]

1. e4 e6 2. d4 d5 3. Nd2 c5 4. Ngf3 cxd4 5. Nxd4 Nf6 6. exd5 Nxd5 7. N2f3 Bb4+ 8.
Bd2 Bxd2+ 9. Qxd2 O-O 10. O-O-O Qb6 11. Bc4 Nc6 12. Bxd5 exd5 13. h3 Bd7 14. Rhe1 Rfe8 15. c3 h6 16. b3 Re4 17. Re3 Rxe3 18. Qxe3 Re8 19. Qd2 Qc5 20. Kb2 Re4 21. Nc2 Be6 22. Ne3 b5 23. Nd4 b4 24. Nxc6 Qxc6 25. cxb4 d4 26.
Nc2 d3 27. Qxd3 Bf5 28. Nd4 Qf6 29. Qc3 Bg6 30. f3 Re8 31. Rd2 Kh7 32. b5 Rd8 33. a4 Qf4 34. Ka3 Qd6+ 35. Qb4 Qe5 36. Qc3 Qd5 37. f4 Be4 38. Nf3 Qa8 39. Rxd8 Qxd8 40.
Nd4 Qe7+ 41. Kb2 Qd6 42. g3 Qg6 43. h4 h5 44. Qe3 f5 45. Qc3 Qd6 46. a5 Qd8 47. b4 Qd5 48. Qc5 Qd7 49. Kc3 Qf7 50.
Nb3 Qf6+ 51. Qd4 Qf7 52. b6 axb6 53. Qxb6 Qf6+ 54. Qxf6 1-0

[Event "*** Titled Tuesday Blitz"]
[Site "Chess.com"]
[Date "2019.03.05"]
[Round "10"]
[White "SuperCheese"]
[Black "volcanoexplorer"]
[Result "0-1"]
[WhiteElo "2593"]
[BlackElo "2392"]
[TimeControl "180+2"]
[EndTime "15:30:53 PST"]
[Termination "volcanoexplorer won by resignation"]

1. d4 Nf6 2. c4 e6 3. Nc3 Bb4 4. Qc2 O-O 5. Nf3 d6 6. Bg5 Nbd7 7. g3 h6 8. Bxf6 Qxf6 9. Bg2 e5 10. O-O c6 11. Ne4 Qe7 12. a3 Ba5 13. dxe5 dxe5 14. Rfd1 Bc7 15. c5 f5 16. Nd6 e4 17. Nh4 Ne5 18.
f4 exf3 19. exf3 f4 20. Qe4 fxg3 21. hxg3 Qf6 22. f4 Nf7 23. Ng6 Bxd6 24. cxd6 Nxd6 25. Ne7+ Kf7 26. Rxd6 Qxd6 27. Re1 Be6 28. Ng6 Rae8 29. Nxf8 Qxf8 30. Bf3 Qc5+ 31. Qe3 Qxe3+ 32. Rxe3 g6 33. Re5 Kf6 34. Kf2 Rd8 35. Be4 Rd4 36. Bxg6 Rd2+ 37. Ke3 Rxb2 38. Bd3 Rb3 39. Rh5 Bc4 40. Rxh6+ Kg7 41.
Rd6 Rxa3 42. Rd7+ Kf6 43. Kd2 Bxd3 44. Rxd3 Rxd3+ 45. Kxd3 a5 46. g4 b5 47. Ke4 a4 48.
g5+ Ke7 49. Kd3 Ke6 50. g6 Kf6 51. f5 c5 52. Kc3 b4+ 53. Kc4 a3 54. Kb3 c4+ 55.
Ka2 Kg7 56. Kb1 b3 57. Ka1 c3 58. Kb1 c2+ 0-1

[Event "*** Titled Tuesday Blitz"]
[Site "Chess.com"]
[Date "2019.03.05"]
[Round "10"]
[White "mishanick"]
[Black "Genghis_K"]
[Result "0-1"]
[WhiteElo "2969"]
[BlackElo "2867"]
[TimeControl "180+2"]
[EndTime "15:31:00 PST"]
[Termination "Genghis_K won by resignation"]

1. d4 Nf6 2. c4 g6 3. Nc3 Bg7 4.
e4 d6 5. Nf3 O-O 6. Be2 e5 7.
Be3 c6 8. d5 Ng4 9. Bg5 f6 10.
Bh4 g5 11. Bg3 c5 12. O-O Na6 13. Ne1 Nh6 14. Nc2 f5 15. exf5 Nxf5 16. Ne3 Nd4 17. Bg4 Nc7 18. h3 Ne8 19. Ne4 h6 20. Qd3 Nf6 21.
Nxf6+ Qxf6 22. Rae1 a6 23. Nd1 b5 24. Nc3 Rb8 25. b3 bxc4 26. bxc4 Rb2 27. Rb1 Rb4 28. a3 Rxb1 29. Rxb1 Bxg4 30. hxg4 Qd8 31. Ne4 Qc7 32.
Kh2 Rb8 33. Qd1 Rb6 34. f3 Kf7 35. Rxb6 Qxb6 36. Qa4 Ke7 37. Be1 Bf8 38. Bc3 Qb7 39. Qa5 Nb3 40. Qa4 Nd4 41. Be1 Qb6 42. Bd2 Qb7 43. Bc3 Qb6 44. Ng3 Qb7 45. Qd1 Qb3 46.
Nf5+ Kd7 47. Qxb3 Nxb3 48. Kg3 Nd4 49. Kf2 Nxf5 50. gxf5 h5 51. Bd2 Be7 52. Ke2 Bf6 53. Kd3 Ke7 54. Kc2 Kd7 55. Kb3 h4 56. Kc2 e4 57. fxe4 g4 58. Kd3 h3 59. gxh3 gxh3 60.
Bf4 Be5 61. Ke3 Bxf4+ 62. Kf3 h2 63. Kg2 Ke7 64. Kh1 Kf6 65. Kg2 Be5 0-1

[Event "*** Titled Tuesday Blitz"]
[Site "Chess.com"]
[Date "2019.03.05"]
[Round "10"]
[White "PaulfromSPb"]
[Black "champ2005"]
[Result "0-1"]
[WhiteElo "2626"]
[BlackElo "2786"]
[TimeControl "180+2"]
[EndTime "15:31:09 PST"]
[Termination "champ2005 won by checkmate"]

1. d4 b6 2. e4 Bb7 3. Bd3 g6 4. Nf3 Bg7 5. O-O e6 6. Re1 Ne7 7. c4 d6 8. Nc3 O-O 9. Bf4 Nd7 10. Bg3 e5 11. dxe5 Nxe5 12. Nxe5 dxe5 13. Nd5 c6 14.
Ne3 Qc7 15. c5 b5 16. b4 a5 17. a3 Bc8 18. Qc2 Be6 19. Qc3 Ra7 20. h3 Rfa8 21.
Ng4 f6 22. Ne3 h5 23. Red1 g5 24. h4 gxh4 25. Bxh4 Ng6 26. Bg3 h4 27. Bh2 Ne7 28. Bf1 Qc8 29. Qb2 Bh6 30. Nc2 Ng6 31. Qc3 Bf4 32.
Bxf4 Nxf4 33. Ne3 Rg7 34. Kh2 Qe8 35. Rd6 Kh7 36. Nf5 Bxf5 37. exf5 Qe7 38. Ra2 axb4 39. Qxb4 Rag8 40. f3 Rg3 41. Qd2 R8g7 42. Rxc6 h3 43. gxh3 Rxf3 44. Qe1 Rfg3 45. Qxg3 Rxg3 46. Kxg3 Qf7 47.
Rd2 Qb3+ 48. Kf2 Qxa3 49. Rc7+ Kh6 50. Rc6 Kg5 51. Rc8 Qb4 52. Ke3 Qc3+ 53. Bd3 Qd4+ 54. Kf3 Nxd3 55. c6 e4+ 56. Ke2 Qf2+ 57. Kd1 Qe1+ 58. Kc2 Qc1+ 59. Kb3 Qxd2 60. Rg8+ Kf4 61. c7 Qb4+ 62. Ka2 Qb2# 0-1

[Event "*** Titled Tuesday Blitz"]
[Site "Chess.com"]
[Date "2019.03.05"]
[Round "10"]
[White "STAYFlow"]
[Black "XiaoKangZhong"]
[Result "1-0"]
[WhiteElo "2229"]
[BlackElo "2093"]
[TimeControl "180+2"]
[EndTime "15:31:15 PST"]
[Termination "STAYFlow won by resignation"]

1. d4 f5 2. g3 Nf6 3. Bg2 e6 4. Nf3 d5 5. O-O c5 6. c4 Nc6 7. Nc3 dxc4 8. Qa4 Ne4 9. Nxe4 fxe4 10. Ne5 Bd7 11. Nxd7 Qxd7 12. dxc5 Bxc5 13. Qxc4 Qd5 14. Qxe4 Qxe4 15. Bxe4 O-O-O 16. Bg5 Rd4 17. Bxc6 bxc6 18. Rac1 Rd5 19. Bf4 Rf8 20. e4 Rh5 21. Rxc5 Rxc5 22.
Bd6 Rc2 23. Bxf8 Rxb2 24. a3 g6 25. Rd1 Re2 26. f3 Kc7 27. Rd6 e5 28. Rd3 Rc2 29.
Bd6+ Kb6 30. Bxe5 c5 31. Bd6 c4 32. Rd1 Kc6 33. Bb4 Kb5 34. e5 Re2 35. Kf1 Rxe5 36.
Rd7 a5 37. Bc3 Re3 38. Bd2 Rxa3 39. Rd5+ Kb6 40. Ke2 a4 41. Be3+ Kb7 42. Rc5 c3 43. Kd1 Ra1+ 44. Kc2 Ra2+ 45. Kxc3 Rxh2 46. Ra5 Rg2 47. Bf4 Rf2 48. Rxa4 Rxf3+ 49. Kd4 g5 50. Rb4+ Kc6 51. Be5 h5 52. Ke4 Rf1 53. Rc4+ Kb5 54. Rc7 h4 55. g4 Rg1 56. Kf5 Re1 57. Rh7 Re3 58. Bf6 h3 59. Kxg5 Rg3 60. Kf4 Ra3 61. g5 Kc6 62. Kg4 Kd6 63. Rxh3 Ra4+ 64. Kf5 Ra5+ 65. Kg6 Ke6 66. Re3+ Kd7 67. Kf7 Ra7 68.
Re7+ 1-0

[Event "*** Titled Tuesday Blitz"]
[Site "Chess.com"]
[Date "2019.03.05"]
[Round "10"]
[White "severomorskij"]
[Black "gmjlh"]
[Result "1/2-1/2"]
[WhiteElo "2713"]
[BlackElo "2723"]
[TimeControl "180+2"]
[EndTime "15:31:23 PST"]
[Termination "Game drawn by agreement"]

1. d4 d5 2. c4 e6 3. Nc3 Nf6 4. cxd5 exd5 5. Bg5 c6 6. e3 h6 7. Bh4 Bf5 8. Qf3 Bh7 9. Bxf6 Qxf6 10. Qxf6 gxf6 11.
Nf3 Nd7 12. g3 Nb6 13. Nh4 a5 14. f3 a4 15. a3 Nc8 16. Kf2 Nd6 17. Rd1 Be7 18.
Bd3 Bxd3 19. Rxd3 f5 20. Ng2 h5 21. h4 Nc4 22. Rb1 Bd6 23. e4 fxe4 24. fxe4 dxe4 25. Nxe4 Bc7 26. Ne3 Nxe3 27. Rxe3 O-O-O 28. Rd1 f5 29. Ng5 f4 30. gxf4 Bxf4 31. Rf3 Bxg5 32. hxg5 Rd5 33. g6 Rg5 34. Rg1 Rxg1 35. Kxg1 Rg8 36. Rf6 Rg7 37. Kf2 Kd7 38. Ke3 Ke7 39. Rf5 Rxg6 40. Rxh5 Rg2 41. Rh7+ Kd6 42. Rxb7 Kd5 43. Rb4 Rh2 44. Kd3 Rg2 45.
Kc3 Rg3+ 46. Kc2 Rg2+ 47. Kb1 Rg4 48. Rxa4 c5 49. Ra8 Kxd4 50. Ka2 Kd5 51. Rb8 Kc6 52. Rb3 Rf4 53. Rc3 Kb5 54. Rc2 Re4 55. b3 c4 56.
b4 Ka4 57. Kb2 Re3 58. Rxc4 Rb3+ 59. Kc2 Rxa3 60. Rh4 Kb5 61. Kb2 Rf3 62. Kc2 Rg3 63. Kb2 Rf3 64. Kc2 1/2-1/2

[Event "*** Titled Tuesday Blitz"]
[Site "Chess.com"]
[Date "2019.03.05"]
[Round "10"]
[White "Swarnapuri"]
[Black "Gentlejimmy7"]
[Result "0-1"]
[WhiteElo "2695"]
[BlackElo "2431"]
[TimeControl "180+2"]
[EndTime "15:31:25 PST"]
[Termination "Gentlejimmy7 won by resignation"]

1. d4 Nf6 2. Bf4 g6 3. e3 Bg7 4.
Nf3 O-O 5. Be2 c5 6. O-O d5 7. c3 Nbd7 8. h3 b6 9. Nbd2 Bb7 10. a4 a6 11. Ne5 Rc8 12. Bd3 Ne4 13. Ndf3 Ndf6 14.
Bh2 e6 15. Qe2 Qe7 16. Bxa6 c4 17. Bxb7 Qxb7 18. Nd2 Nxd2 19. Qxd2 Ra8 20. b3 Ne4 21. Qb2 cxb3 22. f3 Nd6 23. Qxb3 Bxe5 24. Bxe5 Nc4 25. Bf4 Ra5 26. Rf2 Qc6 27. Rfa2 Rfa8 28. Kf2 Kg7 29. h4 h5 30. g4 hxg4 31. fxg4 Qd7 32. g5 Kg8 33.
Kg3 e5 34. dxe5 Qe6 35. Qb4 b5 36. Rf1 Rxa4 37. Rxa4 bxa4 38. Qb7 Re8 39. Rd1 Nxe5 40. Qxd5 Qg4+ 41. Kf2 Qxh4+ 42. Kg1 Ng4 43. Qf3 Ne5 44.
Bxe5 Qxg5+ 45. Qg3 Rxe5 46. Qxg5 Rxg5+ 47. Kf2 Ra5 48. Ra1 a3 49. c4 Kf8 50. Kf3 Ke7 51. Ke4 Kd6 52. Kd4 a2 53. e4 g5 54. e5+ Kc6 55. Kc3 g4 56. Kd4 g3 57. Ke3 Kc5 58.
Kf3 Kxc4 59. Kxg3 Kb3 60. Kf4 Kb2 61. Rh1 a1=Q 62. Rxa1 Kxa1 63. Kf5 Ra7 64. Kf6 Kb2 65. e6 fxe6 66. Kxe6 Kc3 0-1

[Event "*** Titled Tuesday Blitz"]
[Site "Chess.com"]
[Date "2019.03.05"]
[Round "10"]
[White "GadimbayliA"]
[Black "mouseWLZ"]
[Result "1-0"]
[WhiteElo "2838"]
[BlackElo "2536"]
[TimeControl "180+2"]
[EndTime "15:31:33 PST"]
[Termination "GadimbayliA won by resignation"]

1. e4 e5 2. Nf3 Nc6 3. Nc3 Nf6 4. d4 exd4 5. Nxd4 Bb4 6. Nxc6 bxc6 7. Bd3 O-O 8. O-O d5 9. exd5 cxd5 10. Qf3 c6 11.
Bg5 h6 12. Bxf6 Qxf6 13. Qxf6 gxf6 14. Ne2 Bc5 15. Rad1 Bg4 16. h3 Bxe2 17. Bxe2 Rab8 18. b3 Rfe8 19. Bf3 a5 20. Rc1 a4 21. c4 Ba3 22.
Rc3 d4 23. Rd3 c5 24. Rb1 Bb4 25. bxa4 Kf8 26. Rdb3 Rbd8 27. Rd1 Re1+ 28. Rxe1 Bxe1 29. Kf1 Bc3 30. Be4 Re8 31. f3 f5 32. Bxf5 Re1+ 33. Kf2 Ra1 34. Bb1 d3 35. Rxc3 Rxb1 36. Rxd3 Rb2+ 37.
Kg3 Rxa2 38. Rd5 Rxa4 39. Rxc5 Kg7 40. Rc6 Ra2 41. Rc8 Rc2 42. c5 h5 43. h4 Rc4 44.
Kh3 Rc3 45. c6 Kh7 46. c7 Kg7 47. Kg3 Rc4 48. Kf2 Kh7 49. Ke3 Kg7 50. Kd3 Rc1 51. g4 hxg4 52. fxg4 Kh7 53. Kd4 Kg7 54. h5 Rd1+ 55. Ke5 Re1+ 56. Kf5 Rf1+ 57. Kg5 f6+ 58. Kh4 Rc1 59. h6+ Kh7 60. Kg3 Rc4 61. Kf3 Rc1 62. Kf4 Rf1+ 63. Ke4 Rc1 64. Kf5 Rc6 65. Ke4 Rc5 66. Kd4 Rc1 67. Kd5 Rd1+ 68. Ke6 Re1+ 69. Kxf6 Rf1+ 70. Ke5 Re1+ 71. Kf4 Rf1+ 72.
Kg3 Rg1+ 73. Kf2 Rc1 74. g5 Kg6 75. Rg8+ Kh7 76. Rc8 Kg6 77. Ke2 Rc4 78. Kd3 Rc1 79. Kd4 Rd1+ 80. Ke5 Re1+ 81. Kd6 Rd1+ 82. Ke7 Re1+ 83.
Kf8 Kh7 84. Re8 Rf1+ 85. Ke7 Rf7+ 86. Kd8 Rf2 87. c8=Q Rd2+ 88. Qd7+ 1-0

[Event "*** Titled Tuesday Blitz"]
[Site "Chess.com"]
[Date "2019.03.05"]
[Round "10"]
[White "Witik"]
[Black "GeorgMeier"]
[Result "1-0"]
[WhiteElo "2712"]
[BlackElo "2818"]
[TimeControl "180+2"]
[EndTime "15:31:35 PST"]
[Termination "Witik won by resignation"]

1. d4 e6 2. c4 Nf6 3. Nf3 d5 4. Nc3 Be7 5. Bf4 O-O 6. e3 b6 7.
cxd5 Nxd5 8. Bg3 Bb7 9. Bd3 c5 10. O-O Nd7 11. Rc1 cxd4 12. exd4 N7f6 13. Re1 Rc8 14.
Ne5 Nxc3 15. bxc3 Qd5 16. Bf1 Rfd8 17. Qb3 Nh5 18. Qa4 Nxg3 19. hxg3 a6 20. Qd1 b5 21. Qh5 g6 22. Qh3 Bg5 23. Nxf7 Kxf7 24. Qxh7+ Kf8 25.
Re5 Bxc1 26. Rxd5 Bxd5 27. Bd3 Rb8 28. Bxg6 Rb7 29. Qh4 Rdd7 30. Qh8+ Ke7 31. Qg7+ Kd6 32. Qe5+ Kc6 33. Be8 Bd2 34. g4 Kb6 35. Bxd7 Rxd7 36. g5 Ka5 37. g6 Bh6 38. Qe1 Ka4 39. Qd1+ Ka3 40. Qh5 Bg7 41. Qe2 Bxa2 42. Qc2 a5 43. Qc1+ Ka4 44. Qb2 Bc4 45. Qa1+ Kb3 46. Qxa5 Kc2 47.
Qb4 Kd3 48. Qa5 Ke4 49. Qa8+ Kf5 50. Qe8 Ra7 51. f3 Kg5 52. Kh2 Kh6 53. Kg3 Bd5 54. Kg4 Ra2 55. g3 Rf2 56. f4 Bf3+ 57. Kh3 Be4 58.
Qxe6 Bxg6 59. Kg4 Kh7 60. Qd5 Rc2 61. f5 Be8 62. f6 Bxf6 63. Qf5+ Bg6 64. Qxf6 Rxc3 65.
d5 Rc4+ 66. Kg5 Bd3 67. Qe7+ Kg8 68. Kf6 1-0

[Event "*** Titled Tuesday Blitz"]
[Site "Chess.com"]
[Date "2019.03.05"]
[Round "10"]
[White "Supernotar"]
[Black "Cryptochess"]
[Result "1/2-1/2"]
[WhiteElo "2523"]
[BlackElo "2547"]
[TimeControl "180+2"]
[EndTime "15:31:49 PST"]
[Termination "Game drawn by stalemate"]

1. d4 d6 2. c4 e5 3. Nc3 exd4 4. Qxd4 Nc6 5. Qd2 Nf6 6. b3 g6 7. Bb2 Bg7 8. g3 O-O 9. Bg2 Re8 10. Nh3 Bf5 11. Nf4 Ne4 12. Nxe4 Bxe4 13. Bxe4 Rxe4 14.
Bxg7 Kxg7 15. O-O Qe7 16. f3 Re5 17. e4 Re8 18. Qc3 f6 19. Nd5 Qf7 20. Rae1 Nb8 21.
Qd4 a6 22. f4 c5 23. Qd3 R5e6 24. f5 gxf5 25. Rxf5 Nc6 26. Nf4 Re5 27. Nh5+ Kh8 28. Ref1 Nd4 29. Rxe5 dxe5 30. Nxf6 Rf8 31. Qe3 Qg6 32. Nd5 Rxf1+ 33. Kxf1 Qg4 34. Kg2 Ne6 35. Qf3 Qg6 36. Qf5 Qxf5 37. exf5 Nd4 38. g4 Kg7 39.
Kf2 h5 40. h3 Kh6 41. Kg3 hxg4 42. hxg4 Kg5 43. Ne3 e4 44. Nd5 Ne2+ 45. Kf2 Nd4 46. Kg3 Ne2+ 47. Kh3 Ng1+ 48. Kg2 Ne2 49. f6 Nd4 50.
Kg3 Ne6 51. a3 e3 52. Kf3 e2 53. Kxe2 Kxg4 54. Ke3 Kf5 55. Kd3 Ke5 56. b4 cxb4 57.
axb4 Ng5 58. Kc3 Ke6 59. Kd4 Kd6 60. c5+ Ke6 61. Kc4 Nf7 62. Kd4 Ng5 63. Kc4 Ne4 64. Kb3 Nxf6 65. Nxf6 Kxf6 66. Ka4 Ke6 67. Ka5 Kd7 68.
Kb6 Kc8 69. c6 bxc6 70. Kxc6 a5 71. bxa5 Kb8 72. Kb6 Ka8 73. a6 Kb8 74. a7+ Ka8 75. Ka6 1/2-1/2

[Event "*** Titled Tuesday Blitz"]
[Site "Chess.com"]
[Date "2019.03.05"]
[Round "10"]
[White "joppie2"]
[Black "vugarrasulov"]
[Result "0-1"]
[WhiteElo "2791"]
[BlackElo "2784"]
[TimeControl "180+2"]
[EndTime "15:31:52 PST"]
[Termination "vugarrasulov won by resignation"]

1. e4 e5 2. Nf3 Nc6 3. Bc4 Bc5 4. c3 Nf6 5. d3 O-O 6. O-O d6 7. Re1 a6 8. a4 Ba7 9. h3 Ne7 10. Nbd2 Ng6 11. d4 exd4 12. cxd4 d5 13. exd5 Nxd5 14.
Ne4 c6 15. Bd2 h6 16. Qb3 Nh4 17. Nc5 Nxf3+ 18. Qxf3 Nb6 19. Bb3 Qxd4 20. Bxf7+ Kh8 21. Be3 Qd6 22. Qh5 Nd5 23. Ne4 Qd7 24. Bxa7 Qxf7 25. Qxf7 Rxf7 26. Bd4 Kh7 27. a5 Nb4 28. Re2 Rd7 29.
Bc3 Nd5 30. Bd2 Re7 31. Rae1 Rf7 32. Nd6 Rd7 33. Nc4 Rd8 34. Nb6 Nxb6 35. axb6 Bf5 36.
Bc3 Rd7 37. Re7 Rad8 38. Bxg7 Rxe7 39. Rxe7 Rd7 40. Rxd7 Bxd7 41. Bd4 Kg6 42. f3 h5 43. Kf2 Kf5 44. g4+ hxg4 45. hxg4+ Ke6 46. Kg3 Kd5 47. Be3 c5 48. Kf4 c4 49. Kg5 a5 50. Bd2 a4 51.
Kf6 Kd4 52. g5 Bc6 53. f4 Kd3 54. Bb4 Kc2 55. Ba3 Kb3 56. g6 c3 57. Ke5 c2 58.
g7 Bd5 59. Kxd5 c1=Q 60. Ke6 Qxf4 61. Ke7 Qg5+ 62. Kf7 Qf5+ 63. Kg8 Kc4 64. Kh8 Qh5+ 65. Kg8 Kd5 66. Kf8 Qf5+ 67. Ke7 Qg6 68. Kf8 Qf6+ 69. Kg8 Ke6 70. Kh7 Qf5+ 71. Kh8 Qh5+ 72. Kg8 Kf6 73. Bf8 Kg6 0-1

[Event "*** Titled Tuesday Blitz"]
[Site "Chess.com"]
[Date "2019.03.05"]
[Round "10"]
[White "NemtsevIgor"]
[Black "AdrianaNikolova"]
[Result "0-1"]
[WhiteElo "2335"]
[BlackElo "2432"]
[TimeControl "180+2"]
[EndTime "15:31:59 PST"]
[Termination "AdrianaNikolova won by checkmate"]

1. d4 d5 2. Bf4 Nf6 3. Nf3 c6 4.
e3 Bg4 5. c4 e6 6. Nc3 Nbd7 7.
Qb3 Qb6 8. c5 Qxb3 9. axb3 Bxf3 10. gxf3 Nh5 11. Bc7 Be7 12. h4 a6 13. b4 O-O 14. Ne2 g6 15. Nc1 Ng7 16. Nb3 Bf6 17.
Na5 e5 18. O-O-O Rfc8 19. Bd6 b6 20. Bh3 Ne6 21. Nb3 exd4 22. Nxd4 Re8 23. Kb1 bxc5 24. Nxe6 fxe6 25. bxc5 Kf7 26. Rd3 Be7 27. Rb3 Nxc5 28. Bxc5 Bxc5 29. Rc1 Be7 30. Rxc6 Bxh4 31. Rb7+ Kf6 32.
Rxh7 Bxf2 33. Rc3 Rab8 34. Kc2 d4 35. exd4 Bxd4 36. Rcc7 Ke5 37. b3 Rec8 38. Bg4 Rxc7+ 39. Rxc7 Rb6 40. Rg7 Kf6 41. Rg8 e5 42. Rf8+ Kg5 43.
Re8 Rc6+ 44. Kd3 a5 45. Rd8 Rc3+ 46. Ke4 Re3+ 47. Kd5 Rxb3 48. Rg8 a4 49. Be6 a3 50.
Bf7 Rb6 51. Ra8 Bb2 52. Ke4 Rf6 53. Bd5 Rf4+ 54. Ke3 Bc1+ 55. Ke2 Rd4 56. Be4 Rd2+ 57.
Ke1 Rh2 58. Ra6 Kf4 59. Kd1 Bb2 60. Ra4 Ke3 61. Bxg6 Kxf3 62. Bf7 e4 63. Bd5 Rh4 64.
Kc2 Ke3 65. Rxe4+ Rxe4 66. Bxe4 Kxe4 67. Kb1 Kd4 68. Ka2 Kc4 69. Kb1 Kb4 70. Ka2 Bg7 71.
Kb1 Bf8 72. Ka2 Ka4 73. Ka1 Kb3 74. Kb1 a2+ 75. Ka1 Bg7# 0-1

[Event "*** Titled Tuesday Blitz"]
[Site "Chess.com"]
[Date "2019.03.05"]
[Round "10"]
[White "saraswathii"]
[Black "tteshan"]
[Result "1-0"]
[WhiteElo "2273"]
[BlackElo "2196"]
[TimeControl "180+2"]
[EndTime "15:32:02 PST"]
[Termination "saraswathii won by resignation"]

1. d4 d5 2. Bf4 Nf6 3. e3 Bf5 4. Bd3 Bg6 5. c4 e6 6. Nc3 dxc4 7. Bxc4 Bd6 8. Bg3 O-O 9. Nf3 a6 10. a4 Nc6 11. O-O Qe7 12. Re1 Rad8 13. Bh4 Bh5 14. Kh1 Bb4 15. Qc2 Bxc3 16. bxc3 Qd6 17. Rad1 Rde8 18. e4 Bxf3 19. gxf3 Qf4 20. Bg3 Qxf3+ 21. Kg1 e5 22. d5 Na5 23. Bf1 Qg4 24. c4 Nh5 25.
Qc3 b6 26. d6 Nxg3 27. hxg3 cxd6 28. Rxd6 Re6 29. Rxe6 Qxe6 30. Rd1 Rc8 31. Rd5 Nb7 32. Rxe5 Qc6 33. Rd5 Nc5 34. a5 h6 35. axb6 Qxb6 36.
Qd4 Qc6 37. Bg2 Ne6 38. Qe3 Qxc4 39. Bf1 Qc1 40. Qxc1 Rxc1 41. Ra5 Nc7 42. Kg2 Rc6 43. Be2 Rb6 44. f4 Kf8 45. e5 Ke7 46. Kf3 Kd7 47. Rc5 Nb5 48. Bc4 Nd4+ 49. Ke4 Ne6 50. Rd5+ Ke7 51. Ra5 Nc7 52. Rc5 Nb5 53. f5 h5 54. Bd3 g6 55. f6+ Kd7 56. Bc4 Nc3+ 57. Kd3 Nb5 58. Bxf7 Rb8 59. e6+ Kd6 60. Rc4 Nc7 61.
Rxc7 Kxc7 62. e7 Kd7 63. Bxg6 a5 64. Bxh5 a4 65. e8=Q+ Rxe8 66. Bxe8+ Kxe8 67. g4 a3 68. Kc2 a2 69. Kb2 Kf7 70. g5 Kg6 71. Kxa2 Kxg5 72. f7 1-0

[Event "*** Titled Tuesday Blitz"]
[Site "Chess.com"]
[Date "2019.03.05"]
[Round "10"]
[White "SantoBlue"]
[Black "DrMelekess"]
[Result "1-0"]
[WhiteElo "2735"]
[BlackElo "2698"]
[TimeControl "180+2"]
[EndTime "15:32:06 PST"]
[Termination "SantoBlue won by checkmate"]

1. c4 e5 2. d3 Nf6 3. Nf3 Bb4+ 4.
Nbd2 e4 5. dxe4 Nxe4 6. a3 Nxd2 7.
Bxd2 Bxd2+ 8. Qxd2 Qf6 9. e3 d6 10. Be2 O-O 11. O-O Nc6 12. b4 Bf5 13. Rac1 Rad8 14.
Rfd1 h6 15. Nd4 Nxd4 16. Qxd4 Qxd4 17. Rxd4 Rfe8 18. g4 Bc8 19. h4 Kf8 20. Kh2 c5 21.
Rd2 Be6 22. Kg3 Rd7 23. Rcd1 Red8 24. f4 f5 25. g5 Ke7 26. Bf1 Rc8 27. b5 Rcd8 28. a4 d5 29. cxd5 Rxd5 30. Rxd5 Rxd5 31. Rc1 b6 32. a5 Rd2 33. Ra1 Ra2 34. axb6 axb6 35.
Rd1 Rb2 36. Ra1 Ra2 37. Rd1 c4 38. Rc1 Ra4 39. Kf3 Bd5+ 40. Kg3 Kd6 41. Bh3 Be4 42.
Rd1+ Ke7 43. Rd4 Bd3 44. h5 Ra5 45. e4 Bxe4 46. Rxc4 Rxb5 47. Rc7+ Kf8 48. g6 Rb3+ 49. Kh4 Rd3 50. Rf7+ Kg8 51. Rc7 Rd8 52. Bf1 Bd5 53.
Bd3 Be4 54. Bc4+ Kh8 55. Kg3 Rb8 56. Kf2 Re8 57. Bb5 Rd8 58. Ke3 Ra8 59. Be2 Rd8 60. Bc4 Ra8 61. Rd7 Rc8 62. Be2 Re8 63. Kd4 Bc6 64.
Rc7 Be4 65. Bd1 Rd8+ 66. Ke5 b5 67. Ke6 b4 68. Ke7 Rb8 69. Rd7 Bc6 70. Rd6 Be4 71. Kf7 Bb1 72. Ra6 Bd3 73. Ra7 Bc4+ 74. Ke7 b3 75. Ra5 b2 76. Bc2 b1=Q 77. Bxb1 Rxb1 78. Rxf5 Bg8 79. Rf8 Re1+ 80. Kd6 Rh1 81. Rf5 Re1 82. Rc5 Re6+ 83. Kd7 Re4 84. f5 Rh4 85. Ke7 Rxh5 86. Kf8 Rh1 87. f6 gxf6 88. Rc7 Rg1 89. Rg7 f5 90. Rxg8# 1-0

[Event "*** Titled Tuesday Blitz"]
[Site "Chess.com"]
[Date "2019.03.05"]
[Round "10"]
[White "riconaipe"]
[Black "TheBigBoss04"]
[Result "0-1"]
[WhiteElo "2433"]
[BlackElo "2542"]
[TimeControl "180+2"]
[EndTime "15:32:08 PST"]
[Termination "TheBigBoss04 won by checkmate"]

1. d4 Nf6 2. c4 e6 3. Nc3 Bb4 4. Qc2 d5 5. cxd5 Qxd5 6. Nf3 Qf5 7. Qb3 a5 8. h3 h5 9. g4 Qg6 10. g5 Nd5 11. Bg2 a4 12. Qc4 Qc2 13. O-O Bxc3 14.
bxc3 Qxc3 15. Qxc3 Nxc3 16. Re1 O-O 17. Bd2 Nb5 18. e4 Rd8 19. Be3 Nc6 20. Red1 Nc3 21. Re1 Nxe4 22. Ne5 Nxe5 23. Bxe4 Nc4 24. Bf4 Rxd4 25.
Rad1 e5 26. Bxe5 Rxd1 27. Rxd1 Bxh3 28. Bxc7 Rc8 29. g6 Be6 30. Bf4 fxg6 31. Bxg6 b5 32. Bxh5 b4 33. Re1 Bf7 34. Bg4 Rf8 35. Rb1 b3 36.
axb3 Na3 37. Ra1 Bxb3 38. Bd6 Nc2 39. Rd1 Rd8 40. Rd2 a3 41. Bf4 Rxd2 42. Bxd2 a2 43. Bc3 a1=Q+ 44. Bxa1 Nxa1 45. f4 Kf7 46. Kf2 Nc2 47.
Kg3 Kf6 48. Be2 Nd4 49. Bd3 Bc2 50. Bc4 Bf5 51. Kf2 Be6 52. Bd3 Bf5 53. Bc4 Ne6 54. Kg3 Ke7 55. Kf3 Kd6 56. Kg3 Kc5 57. Be2 Kd4 58.
Kh4 Ke3 59. Bd1 Kxf4 60. Kh5 g5 61. Kh6 g4 62. Bxg4 Bxg4 63. Kg6 Ng5 64. Kf6 Bf5 65. Ke7 Ke5 66. Kf8 Kf6 67. Kg8 Nf7 68. Kf8 Bh7 69. Ke8 Ne5 70. Kf8 Nd7+ 71. Ke8 Ke6 72. Kd8 Kd6 73. Ke8 Bg6+ 74. Kd8 Nc5 75. Kc8 Bh5 76.
Kd8 Nb7+ 77. Kc8 Kc6 78. Kb8 Kb6 79. Kc8 Bg4+ 80. Kb8 Nc5 81. Ka8 Bh3 82. Kb8 Na6+ 83. Ka8 Bg2# 0-1

[Event "*** Titled Tuesday Blitz"]
[Site "Chess.com"]
[Date "2019.03.05"]
[Round "10"]
[White "Maili15"]
[Black "WPWPWP-2015"]
[Result "0-1"]
[WhiteElo "2268"]
[BlackElo "2384"]
[TimeControl "180+2"]
[EndTime "15:32:22 PST"]
[Termination "WPWPWP-2015 won by checkmate"]

1. d4 Nf6 2. c4 e6 3. Nc3 Bb4 4. e3 O-O 5. Bd3 d5 6. Nf3 c5 7.
O-O Nc6 8. a3 Ba5 9. Ne5 cxd4 10. Nxc6 bxc6 11. exd4 Ba6 12. Qe2 Nd7 13. Bf4 Bc7 14.
Bxc7 Qxc7 15. Rac1 Qf4 16. Rfd1 Rab8 17. b4 g6 18. b5 dxc4 19. Bxc4 cxb5 20. Nxb5 Nb6 21. Bd3 Nd5 22. g3 Qf6 23. Nd6 Bxd3 24. Qxd3 Rb2 25.
Rc2 Rfb8 26. Rdc1 Rxc2 27. Rxc2 Qg5 28. Qf3 Qe7 29. Ne4 Kg7 30. Rc5 Rd8 31. h4 h5 32.
Ng5 Nf6 33. Rc4 Rd7 34. Ra4 Qd6 35. Rb4 Qd5 36. Qxd5 Nxd5 37. Ra4 Nc3 38. Ra6 Ne2+ 39. Kf1 Nxd4 40. Ke1 Nc2+ 41. Ke2 Nd4+ 42. Ke3 Nb5 43.
Ne4 Nc7 44. Ra5 Nd5+ 45. Ke2 Rb7 46. Nd6 Rb2+ 47. Kf3 Rb3+ 48. Kg2 Rd3 49. Ne4 Rd4 50. Kf3 Rd3+ 51. Kg2 Rd4 52. Kf3 f5 53. Ng5 Kf6 54.
Rxa7 Rd3+ 55. Kg2 Rd2 56. Rf7+ Ke5 57. Rg7 Ra2 58. Rxg6 Nc7 59. Rg7 Nb5 60. Re7 Nd4 61.
Rh7 Rxa3 62. Rxh5 Ra2 63. Rh6 Kd5 64. h5 e5 65. Rf6 e4 66. Kg1 Ne2+ 67. Kf1 Nd4 68.
h6 Ke5 69. Rf8 Nf3 70. Nxf3+ exf3 71. Kg1 Ra1+ 72. Kh2 Ra7 73. Rh8 Kf6 74. h7 Kg6 75.
Rf8 Rxh7+ 76. Kg1 Ra7 77. Re8 Ra1+ 78. Kh2 Rf1 79. Rg8+ Kf6 80. Kh3 Rh1# 0-1